 Dungeon Crawl Stone Soup version 0.17-a0-1701-gf693a3f (console) character file.

60 Monkaria the Scratcher (level 3, -5/17 HPs)
             Began as a Felid Chaos Knight on Aug 20, 2015.
             Slain by a gnoll
             ... wielding a +0 halberd
              (17 damage)
             ... on level 2 of the Dungeon.
             The game lasted 00:01:01 (964 turns).

Monkaria the Scratcher (Felid Chaos Knight)          Turns: 964, Time: 00:01:01

Health: -5/17      AC:  1    Str:  9    XL:     3   Next: 80%
Magic:  4/4        EV: 18    Int: 13    God:    Xom [..*...]
Gold:   112        SH:  0    Dex: 15    Spells: 0 memorised, 2 levels left
                                        Lives:  0   Deaths: 0

rFire  . . .     SeeInvis +       - Unarmed
rCold  . . .     Clarity  .     (armour unavailable)
rNeg   . . .     SustAt   .     (shield unavailable)
rPois  .         Gourm    .     (helmet unavailable)
rElec  .         Spirit   .     (cloak unavailable)
rCorr  .         Warding  .     (gloves unavailable)
rMut   .         Stasis   .     (boots unavailable)
MR     .....                    (no amulet)
Stlth  ++........               (no ring)
                                (no ring)

@: quick, not resistant to hostile enchantments, unstealthy
A: no armour, no weapons or thrown items, claws 1, fangs 3, see invisible,
carnivore 3, speed 1, shaggy fur 1, slow metabolism 1, sharp paws
a: Renounce Religion


You were on level 2 of the Dungeon.
You worshipped Xom.
You were a toy of Xom.
You were completely stuffed.

You visited 1 branch of the dungeon, and saw 2 of its levels.

You collected 112 gold pieces.

Inventory:

Magical devices
 g - a wand of random effects (36)
Scrolls
 b - a scroll of recharging {unknown}
 d - a scroll of identify {unknown}
 e - a scroll of immolation {unknown}
 f - a scroll of fear {unknown}
Comestibles
 a - a meat ration
 c - a beef jerky


   Skills:
 - Level 3.0 Fighting
 - Level 3.2 Dodging
 + Level 4.8 Unarmed Combat


You had 2 spell levels left.
You didn't know any spells.

Dungeon Overview and Level Annotations

Branches:
Dungeon (2/15)

Altars:


Innate Abilities, Weirdness & Mutations

You cannot wear armour.
You are incapable of wielding weapons or throwing items.
You have sharp claws.
You have razor-sharp teeth.
You have supernaturally acute eyesight.
You are carnivorous and can eat meat at any time.
You cover ground quickly.
You are covered in fur (AC +1).
You have a slow metabolism.
Your sharp claws are effective at attacking unaware monsters.


Message History

The gnoll is severely wounded.
The gnoll closely misses you.
The rat struggles against the net.
Unknown command.
Unknown command.
A goblin comes into view. It is wielding a club.
The gnoll closely misses your butterfly.
The rat struggles to escape the net.
The rat breaks free.
The worm completely misses your butterfly.
The gnoll hits you but does no damage.
The rat completely misses your butterfly.
You scratch the gnoll.
You kill the gnoll!
Something completely misses your butterfly.
The gnoll completely misses your butterfly.
The giant cockroach waves its antennae.
The giant cockroach completely misses you.
The gnoll hits you from afar with a halberd!
Ouch! That really hurt!
You die...
Xom thinks this is hilarious!

...#.. .# [#... ..#
#.... ..# .##.... ..#
#)$#..w #..# ....#g.
...# ....g#g#.#.#
....gg#rs#.#
...##b@##.# #b......#
.....#####.##########
##### #..........#
####.#####.#
#####.#####.#
#........##.#
#.###.##.##.#
#.##.##.#


You could see a worm, 3 gnolls, a giant cockroach, 2 goblins and a rat.

Vanquished Creatures
  Jessica (D:2)
  A gnoll (D:2)
  A worm (D:2)
  2 ball pythons
  A giant cockroach (D:2)
  4 hobgoblins
  2 kobolds (D:1)
  5 bats
  2 giant newts (D:1)
  2 goblins
  A quokka (D:2)
  A rat (D:2)
23 creatures vanquished.

Notes
Turn   | Place    | Note
--------------------------------------------------------------
     0 | D:1      | Monkaria the Felid Chaos Knight began the quest for the Orb.
     0 | D:1      | Reached XP level 1. HP: 10/10 MP: 2/2
   411 | D:1      | XOM: butterfly on damage
   421 | D:1      | Reached XP level 2. HP: 5/14 MP: 3/3
   774 | D:2      | XOM: potion effect (agility)
   786 | D:2      | Noticed Jessica
   801 | D:2      | Killed Jessica
   801 | D:2      | Reached skill level 4 in Unarmed Combat
   801 | D:2      | Reached XP level 3. HP: 17/17 MP: 4/4
   953 | D:2      | XOM: butterfly on damage
   964 | D:2      | Slain by a gnoll

Vault maps used:
D:1:      roderic_crossed_star
D:2:      first_bread, minivault_14, corexii_shack, minmay_circled_x,
          uniq_jessica, uniq_iyjb

Action                   || total
-------------------------++-------
Melee: Unarmed           ||    68
 Stab: Sleeping          ||     5
  Eat: Chunk             ||     7
